 Dungeon Sprint DCSS version 0.28.0-53-g5a82cb258f (webtiles) character file.

Game seed: 3435409707116017356

2303 Zeld the Cleaver (level 9, -2/86 HPs)
             Began as a Minotaur Berserker on June 14, 2022.
             Was an Elder of Trog.
             Slain by a centaur warrior (10 damage)
             ... in the Dungeon (Sprint I: "Red Sonja").
             The game lasted 00:01:36 (2007 turns).

Zeld the Cleaver (Minotaur Berserker)               Turns: 2007, Time: 00:01:37

Health: -2/86      AC:  2    Str: 27    XL:     9   Next: 18%
Magic:  8/8        EV: 14    Int:  4    God:    Trog [****..]
Gold:   486        SH:  0    Dex:  9    Spells: 8/8 levels left

rFire   . . .      SeeInvis .   a - +0 hand axe
rCold   . . .      Faith    .   (no shield)
rNeg    . . .      Spirit   .   b - +0 animal skin
rPois   .          Reflect  .   (helmet restricted)
rElec   .          Harm     .   (no cloak)
rCorr   .          Rampage  .   (no gloves)
Will    +....      NoTele   +   (no boots)
Stlth   +.........              (no amulet)
HPRegen 0.24/turn               n - ring of willpower
MPRegen 0.11/turn               (no ring)

@: on berserk cooldown, slowed, very slow
A: horns 2, retaliatory headbutt
a: Renounce Religion, Berserk, Trog's Hand, Brothers in Arms


You were in the Dungeon.
You worshipped Trog.
Trog was greatly pleased with you.
You visited 1 branch You collected 857 gold pieces.
You spent 371 gold pieces at shops.

Inventory:

Hand Weapons
 a - a +0 hand axe (weapon)
Armour
 b - a +0 animal skin (worn)
Jewellery
 n - a ring of willpower (left hand)
Wands
 i - a wand of iceblast (10)
 r - a wand of paralysis (13)
Scrolls
 h - a scroll of blinking
 j - a scroll of identify
 l - a scroll of fog
 o - 2 scrolls of immolation {unknown}
 q - a scroll of fear {unknown}
Potions
 c - 4 potions of curing
 e - a potion of haste
 f - 2 potions of magic
 g - a potion of berserk rage
 k - a potion of cancellation
 m - a potion of might {unknown}
 p - a potion of ambrosia {unknown}


   Skills:
 + Level 10.3 Fighting
 - Level 14.0 Axes
 + Level 10.1 Armour
 + Level 9.2 Dodging
 * Level 10.0 Evocations


You had 8 spell levels left.
You didn't know any spells.
Your spell library was empty.

Dungeon Overview and Level Annotations

Branches:
Dungeon (1/1)

Altars:
Cheibriados
Dithmenos
Elyvilon
Fedhas
Gozag
Hepliaklqana
Kikubaaqudgha
Makhleb
Nemelex Xobeh
Okawaru
Qazlal
Ru
Sif Muna
Trog
Uskayaw
Vehumet
Wu Jian
Xom
Yredelemnul
Zin
The Shining One
Jiyva
Lugonu

Shops:
D **[


Innate Abilities, Weirdness & Mutations

You have a pair of horns on your head.
You reflexively headbutt those who attack you in melee.


Message History

There is an open door, spattered with blood here.
You hit the centaur warrior.
The centaur warrior is moderately wounded.
You barely miss the centaur warrior.
You are no longer berserk.
You are exhausted.
You feel yourself slow down. The centaur warrior hits you.
The centaur warrior kicks you. The centaur warrior misses you.
The centaur warrior closely misses you.
You barely miss the centaur warrior.
The centaur warrior is moderately wounded.
You hit the centaur warrior. The centaur warrior hits you!
* * * LOW HITPOINT WARNING * * *
The centaur warrior barely misses you. The centaur warrior hits you!
* * * LOW HITPOINT WARNING * * *
The centaur warrior barely misses you.
Unknown command.
You feel much better. The centaur warrior barely misses you.
You furiously retaliate!
You headbutt the centaur warrior! The centaur warrior kicks you.
The centaur warrior hits you.
The centaur warrior closely misses you. x2; The centaur warrior kicks you.
The centaur warrior hits you!
* * * LOW HITPOINT WARNING * * *
The centaur warrior kicks you.
* * * LOW HITPOINT WARNING * * *
Unknown command.
You feel much better. The centaur warrior misses you. You furiously retaliate!
You headbutt the centaur warrior.
The centaur warrior kicks you but does no damage.
The centaur warrior hits you! The centaur warrior kicks you.
The centaur warrior hits you!
* * * LOW HITPOINT WARNING * * *
The centaur warrior kicks you.
* * * LOW HITPOINT WARNING * * *
The centaur warrior hits you!
* * * LOW HITPOINT WARNING * * *
The centaur warrior kicks you.
* * * LOW HITPOINT WARNING * * *
The centaur warrior hits you!
You die...

#########################
<.#..').#..'..#__#..'...#
..)..#..').#..'..'..#)..#
..#####'#####'#__####...+
..####..#...#:####§$#####
..#__####..##)#§§§.§#
..#_____##'#_.+§§§§§+
⌠⌠#_.∩...').._#§c§§§#
###_..__##_.#'##@###
#_____###'#.#§c§§###
###########.####§###.##
∩........'...'.....'.∩#
##++++####...##########
###.### #.#'#.# #.....#
#.:.[.#


You could see 2 centaur warriors.

Vanquished Creatures
  Sonja (D)
  A deep troll (D)
  2 kobold demonologists (D)
  A slime creature (D)
  Sigmund (D)
  A yak (D)
  A floating eye (D)
  An ogre (D)
  A jelly (D)
  Ijyb (D)
  A ballistomycete spore (D)
12 creatures vanquished.

Vanquished Creatures (others)
  A ballistomycete spore (D)
1 creature vanquished.

Grand Total: 13 creatures vanquished

Notes
Turn   | Place    | Note
-------+----------+-------------------------------------------
     0 | D        | Zeld the Minotaur Berserker began the quest for the Orb.
     0 | D        | Reached XP level 1. HP: 19/19 MP: 0/0
     2 | D        | Noticed Ijyb
     5 | D        | Killed Ijyb
     6 | D        | Reached skill level 5 in Axes
     6 | D        | Reached XP level 2. HP: 28/28 MP: 1/1
   245 | D        | Noticed an ogre
   251 | D        | Killed an ogre
   252 | D        | Reached skill level 5 in Fighting
   252 | D        | Reached skill level 7 in Axes
   252 | D        | Reached XP level 3. HP: 18/37 MP: 2/2
   252 | D        | Reached XP level 4. HP: 22/44 MP: 3/3
   704 | D        | Noticed Sigmund
   709 | D        | Killed Sigmund
   709 | D        | Reached ** piety under Trog
   710 | D        | Reached skill level 9 in Axes
   710 | D        | Reached skill level 5 in Dodging
   710 | D        | Reached skill level 5 in Evocations
   710 | D        | Reached XP level 5. HP: 51/51 MP: 4/4
   710 | D        | Reached XP level 6. HP: 58/58 MP: 5/5
   811 | D        | Found a burning altar of Makhleb.
   811 | D        | Found a viscous altar of Jiyva.
   811 | D        | Found a shimmering altar of Xom.
   811 | D        | Found a corrupted altar of Lugonu.
   811 | D        | Noticed a slime creature
   821 | D        | Killed a slime creature
   822 | D        | Reached skill level 10 in Axes
   976 | D        | Noticed a kobold demonologist
   976 | D        | Noticed a floating eye
   976 | D        | Noticed a kobold demonologist
   977 | D        | Noticed a soul eater
   978 | D        | Killed a floating eye
   979 | D        | Reached XP level 7. HP: 68/68 MP: 6/6
   984 | D        | Noticed a rust devil
   986 | D        | Killed a kobold demonologist
   986 | D        | Reached *** piety under Trog
   987 | D        | Reached skill level 11 in Axes
   993 | D        | Killed a kobold demonologist
   994 | D        | Reached skill level 12 in Axes
   994 | D        | Reached XP level 8. HP: 56/78 MP: 7/7
  1219 | D        | Found an ornate altar of the Wu Jian Council.
  1219 | D        | Found a shimmering blue altar of Sif Muna.
  1221 | D        | Found a radiant altar of Vehumet.
  1286 | D        | Found Kantygul's General Store.
  1286 | D        | Found an ancient bone altar of Kikubaaqudgha.
  1286 | D        | Found a hazy altar of Hepliaklqana.
  1286 | D        | Found a hide-covered altar of Uskayaw.
  1286 | D        | Found a basalt altar of Yredelemnul.
  1286 | D        | Found an opulent altar of Gozag.
  1286 | D        | Found a snail-covered altar of Cheibriados.
  1286 | D        | Found a sacrificial altar of Ru.
  1286 | D        | Found a shadowy altar of Dithmenos.
  1288 | D        | Found a stormy altar of Qazlal.
  1288 | D        | Found a blossoming altar of Fedhas.
  1288 | D        | Found a bloodstained altar of Trog.
  1288 | D        | Found an iron altar of Okawaru.
  1288 | D        | Found a glowing golden altar of the Shining One.
  1288 | D        | Found a glowing silver altar of Zin.
  1288 | D        | Found a white marble altar of Elyvilon.
  1293 | D        | Found a sparkling altar of Nemelex Xobeh.
  1316 | D        | Bought a scroll of identify for 26 gold pieces
  1316 | D        | Bought a potion of cancellation for 104 gold pieces
  1316 | D        | Bought a potion of curing for 39 gold pieces
  1316 | D        | Bought a scroll of fog for 26 gold pieces
  1448 | D        | Noticed Sonja
  1452 | D        | Killed Sonja
  1452 | D        | Reached **** piety under Trog
  1453 | D        | Reached skill level 13 in Axes
  1824 | D        | Found Ruoryf's Assorted Antiques.
  1832 | D        | Bought a yellow potion for 18 gold pieces
  1832 | D        | Bought a large steel ring for 100 gold pieces
  1832 | D        | Bought a scroll labelled NOUHUI URAWN for 20 gold pieces
  1832 | D        | Bought a fizzy emerald potion for 18 gold pieces
  1832 | D        | Bought a scroll labelled NOUHUI URAWN for 20 gold pieces
  1847 | D        | Noticed a deep troll
  1853 | D        | Killed a deep troll
  1854 | D        | Reached skill level 10 in Fighting
  1854 | D        | Reached skill level 14 in Axes
  1854 | D        | Reached skill level 10 in Armour
  1854 | D        | Reached skill level 10 in Evocations
  1854 | D        | Reached XP level 9. HP: 86/86 MP: 8/8
  1922 | D        | Found Cealug's Armour Emporium.
  1994 | D        | Noticed a centaur warrior
  1994 | D        | Noticed a centaur warrior
  2007 | D        | Slain by a centaur warrior

Illustrated notes

Levels and vault maps discovered:
D:        dungeon_sprint_1 [red_sonja_temple_1, red_sonja_temple_small_1]

Skill      XL: |  1  2  3  4  5  6  7  8 |
---------------+-------------------------+-----
Fighting       | 4 5 6 8 9 10 | 10.3
Axes           | 5 7 9 10 12 14 | 14.0
Armour         | 3 4 6 7 8 10 | 10.1
Dodging        | 3 4 5 6 7 9 |  9.2
Evocations     | 3 5 6 8 10 | 10.0

Action                   |  1- 3 |  4- 6 |  7- 9 || total
-------------------------+-------+-------+-------++-------
Melee: Hand axe          |     6 |    13 |    29 ||    48
       Headbutt          |     1 |     1 |     6 ||     8
Invok: Berserk           |     2 |     3 |     4 ||     9
Evoke: Wand              |       |       |     3 ||     3
  Use: Potion            |       |       |     2 ||     2
Armor: Animal skin       |       |       |     3 ||     3
Dodge: Dodged            |     1 |     4 |    29 ||    34
